 Dungeon Crawl Stone Soup version 0.18-a0-1577-gf591c28 (webtiles) character file.

2452 mrath the Basher (level 9, 0/75 HPs)
             Began as a Minotaur Fighter on Mar 18, 2016.
             Was a Follower of Okawaru.
             Slain by an orc warrior
             ... wielding a +0 broad axe
              (13 damage)
             ... on level 7 of the Dungeon.
             The game lasted 00:32:56 (6547 turns).

mrath the Basher (Minotaur Fighter)                 Turns: 6547, Time: 00:32:56

Health: 0/75       AC: 14    Str: 23    XL:     9   Next: 25%
Magic:  8/8        EV:  7    Int:  5    God:    Okawaru [*.....]
Gold:   386        SH: 10    Dex: 11    Spells: 0 memorised, 8 levels left

rFire  . . .     SeeInvis .     q - +2 mace (holy)
rCold  + . .     Gourm    +     i - +0 plate armour
rNeg   . . .     Faith    .     c - +0 shield
rPois  .         Spirit   .     (helmet restricted)
rElec  .         Dismiss  .     (no cloak)
rCorr  .         Reflect  .     j - +0 pair of gloves
SustAt .         Harm     .     (no boots)
MR     +....                    t - amulet of the gourmand
Stlth  ..........               w - ring of protection from cold
                                E - ring of protection from magic

@: about to teleport, somewhat resistant to hostile enchantments, extremely
unstealthy
A: retaliatory headbutt, horns 2
a: Heroism, Renounce Religion


You were on level 7 of the Dungeon.
You worshipped Okawaru.
Okawaru was aware of your devotion.
You were completely stuffed.

You visited 2 branches of the dungeon, and saw 8 of its levels.

You collected 386 gold pieces.

Inventory:

Hand Weapons
 a - a +0 flail
 l - a +0 hunting sling
 q - a +2 mace of holy wrath (weapon)
 D - a cursed +3 mace
 Q - a cursed +1 great sword
 R - a cursed +3 mace
Missiles
 k - 3 tomahawks of dispersal
 B - 51 sling bullets
 H - 5 tomahawks (quivered)
 M - 2 steel javelins
 P - 2 throwing nets
Armour
 c - a +0 shield (worn)
 i - a +0 plate armour (worn)
 j - a +0 pair of gloves (worn)
Jewellery
 g - an uncursed amulet of faith {unknown}
 t - an amulet of the gourmand (around neck)
 w - a ring of protection from cold (right hand)
 E - a ring of protection from magic (left hand)
 O - an uncursed amulet of magic regeneration {unknown}
Scrolls
 b - 4 scrolls of remove curse
 h - a scroll of identify
 m - a scroll of recharging {unknown}
 n - a scroll of immolation {unknown}
 y - a scroll of enchant armour {unknown}
 A - a scroll of teleportation
 F - a scroll of enchant weapon {unknown}
 I - a scroll of magic mapping {unknown}
 S - a scroll of fog {unknown}
Potions
 d - 2 potions of might
 e - a potion of berserk rage {unknown}
 f - a potion of mutation {unknown}
 o - 2 potions of heal wounds {unknown}
 p - 2 potions of flight {unknown}
 r - 2 potions of ambrosia {unknown}
 s - a potion of cure mutation {unknown}
 u - 7 potions of curing
 G - 2 potions of agility {unknown}
 J - 5 potions of degeneration {unknown}
 K - a potion of brilliance {unknown}
 N - 2 potions of haste {unknown}
 T - 3 potions of resistance {unknown}
Books
 L - a book of Alchemy

   Spells                             Type                      Level
   a - Sublimation of Blood           Necromancy                   2
   b - Ignite Poison                  Fire/Transmutation/Poison    3
   c - Petrify                        Transmutation/Earth          4
   d - Alistair's Intoxication        Transmutation/Poison         5
   e - Irradiate                      Conjuration/Transmutation    5
Comestibles
 v - 14 chunks of flesh
 x - a royal jelly
 z - 11 fruits
 C - a beef jerky


   Skills:
 + Level 6.1 Fighting
 + Level 10.7 Maces & Flails
 + Level 6.3 Armour
 + Level 4.7 Dodging
 + Level 6.5 Shields


You had 8 spell levels left.
You didn't know any spells.

Dungeon Overview and Level Annotations

Branches:
Dungeon (7/15)             Temple (1/1) D:5

Altars:
Ashenzari
Dithmenos
Elyvilon
Fedhas
Gozag
Kikubaaqudgha
Makhleb
Nemelex Xobeh
Okawaru
Pakellas
Ru
Sif Muna
Trog
Vehumet
Xom
Yredelemnul
Zin
The Shining One


Innate Abilities, Weirdness & Mutations

You reflexively headbutt those who attack you in melee.
You have a pair of horns on your head.


Message History

The orc warrior hits you with a broad axe.
* * * LOW HITPOINT WARNING * * *
You hit the orc warrior but do no damage.
You headbutt the orc warrior, but do no damage.
You block the orc's attack.
The orc warrior hits you with a broad axe.
* * * LOW HITPOINT WARNING * * *
Drink which item? (? for menu, Esc to quit)
It was a potion of curing.
You feel better. You block the orc's attack.
Read which item? (? for menu, Esc to quit)
As you read the scroll of teleportation, it crumbles to dust.
You feel strangely unstable. You block the orc warrior's attack.
The orc hits you but does no damage.
Your shield and plate armour prevent you from hitting the orc warrior.
The orc warrior hits you but does no damage.
The orc hits you but does no damage.
You hit the orc warrior.
The orc warrior is lightly wounded.
The orc warrior hits you with a broad axe!
You die...

####### #.....# .. #.###.#
###.# #.#...# ..#.#
#)#.#####.#.#
#########o#..)....#.#
......ooo@#.#####.#.#
....##.####...#...#.######
. #. #####.#.###....... ..
#.....#.....######
..####.########### ###
....##........# #..
##...###.......# #.#
###..# #.......# #.# ####
#.... #.......# #.#


You could see an orc warrior, an orc priest and 2 orcs.

Vanquished Creatures
  The ghost of Ijustatesigmund the Insei, an amateur OpTm of Cheibriados (D:3)
  A necrophage (D:5)
  2 black bears (D:6)
  4 ogres
  2 centaurs (D:5)
  A scorpion (D:5)
  8 wights (D:6)
  4 crimson imps
  A hound (D:4)
  A jelly (D:5)
  A quasit (D:5)
  7 orc priests
  3 iguanas
  9 orc wizards
  4 worker ants
  A hound skeleton (D:5)
  5 adders
  5 gnolls
  A shadow imp (D:5)
  3 adder zombies
  2 adder skeletons (D:2)
  4 worms
  3 dart slugs
  6 giant geckos
  25 orcs
  A ball python (D:3)
  A bat skeleton (D:2)
  2 giant cockroaches
  6 goblins
  10 hobgoblins
  12 jackals
  9 kobolds
  3 quokkas
  5 bats
  A giant gecko skeleton (D:2)
  A giant gecko zombie (D:2)
  7 giant newts
  A jackal zombie (D:7)
  A quokka skeleton (D:2)
  2 quokka zombies (D:2)
  21 rats
187 creatures vanquished.

Notes
Turn   | Place    | Note
--------------------------------------------------------------
     0 | D:1      | mrath the Minotaur Fighter began the quest for the Orb.
     0 | D:1      | Reached XP level 1. HP: 19/19 MP: 0/0
   113 | D:1      | Reached skill level 3 in Maces & Flails
   125 | D:1      | Reached XP level 2. HP: 17/26 MP: 1/1
   437 | D:1      | Reached skill level 4 in Maces & Flails
   696 | D:1      | Reached XP level 3. HP: 28/31 MP: 2/2
  1350 | D:2      | Reached skill level 5 in Maces & Flails
  1372 | D:2      | Reached XP level 4. HP: 36/39 MP: 3/3
  2068 | D:3      | Reached skill level 6 in Maces & Flails
  2090 | D:3      | Reached XP level 5. HP: 45/45 MP: 4/4
  2109 | D:3      | Reached skill level 7 in Maces & Flails
  2322 | D:3      | Found a shadowy altar of Dithmenos.
  2326 | D:3      | Noticed Ijustatesigmund's ghost (amateur OpTm)
  2359 | D:3      | Killed Ijustatesigmund's ghost
  2359 | D:3      | Reached skill level 8 in Maces & Flails
  2359 | D:3      | Reached XP level 6. HP: 40/51 MP: 5/5
  2771 | D:3      | Found a bloodstained altar of Trog.
  2771 | D:3      | Found a sacrificial altar of Ru.
  2771 | D:3      | Found a shimmering altar of Xom.
  2994 | D:4      | Reached skill level 9 in Maces & Flails
  3089 | D:4      | Found a deep blue altar of Sif Muna.
  3370 | D:4      | Reached XP level 7. HP: 38/57 MP: 6/6
  3848 | D:5      | Entered Level 5 of the Dungeon
  3955 | D:5      | Reached skill level 1 in Dodging
  4084 | D:5      | Found a staircase to the Ecumenical Temple.
  4116 | Temple   | Entered the Ecumenical Temple
  4202 | D:5      | Found an iron altar of Okawaru.
  4550 | D:5      | Reached XP level 8. HP: 58/67 MP: 7/7
  4658 | D:5      | Reached skill level 5 in Armour
  4666 | D:5      | Reached skill level 5 in Fighting
  4666 | D:5      | Reached skill level 5 in Shields
  4674 | D:5      | Reached skill level 10 in Maces & Flails
  5100 | D:5      | Became a worshipper of Warmaster Okawaru
  5110 | D:5      | Found an oddly glowing altar of Pakellas.
  5248 | D:5      | Found a bloodstained altar of Trog.
  5572 | D:6      | Found a shattered altar of Ashenzari.
  5933 | D:6      | Reached XP level 9. HP: 53/74 MP: 8/8
  6235 | D:6      | Reached * piety under Okawaru
  6547 | D:7      | Slain by an orc warrior

Vault maps used:
D:1:      dpeg_arrival_stone_temple_mockup
D:2:      serial_undead, serial_undead_d, serial_undead_f, serial_undead_c,
          serial_undead_b, minmay_rat_hole
D:3:      nicolae_dithmenos_shadow_blocks, gammafunk_temple_overflow_claw,
          first_bread
D:4:      minmay_misc_feat_encased, kennysheep_flooded_box, minivault_14,
          lemuel_blue_sif_altar
D:5:      minmay_opposing_rooms, okawaru_gym_becter,
          minmay_temple_entry_statues_fountains, basic_altar, trog_hazing_becter
D:6:      nicolae_ashenzari_panopticon
D:7:      cheibriados_altar_wand_db, minmay_misc_feat_ornament,
          kennysheep_decorative_pillar, grunt_livestock
Temple:   eino_temple_water_12

Skill      XL: |  1  2  3  4  5  6  7  8  9 |
---------------+----------------------------+-----
Maces & Flails | 3 4 5 6 8 9 10 | 10.7
Armour         | 4 5 6 |  6.3
Dodging        | 2 4 |  4.7
Fighting       | 4 5 6 |  6.1
Shields        | 4 6 |  6.5

Action                   |  1- 3 |  4- 6 |  7- 9 || total
-------------------------+-------+-------+-------++-------
Melee: Flail             |   101 |   160 |    89 ||   350
       Mace              |       |       |   237 ||   237
  Use: Potion            |       |     1 |     1 ||     2
       Scroll            |       |     4 |     3 ||     7
  Eat: Chunk             |     2 |     4 |    20 ||    26
       Pizza             |       |     1 |       ||     1
       Fruit             |       |       |     1 ||     1
